PA
WALLA WALLA WALLEYE @ HAMMOND HERONS
08/08/2023
 
TOP OF THE 1ST
Walla Walla Walleye batting - Pitching for Hammond Herons : RHP David Gómez
Pitching: RHP David Gómez
Batting: RHB Joe Dundee 0-0: Called Strike
0-1: Called Strike
0-2: SINGLE (Flyball, 7LS)
Batting: RHB Alex Rucker 0-0: Ball
1-0: Grounds into double play, 6-4-3 (Groundball, 6)
Batting: LHB José Pacheco 0-0: Ball
1-0: Foul Ball, location: 2F
1-1: Fly out, F4 (Line Drive, 4)
Top of the 1st over - 0 run(s), 1 hit(s), 0 error(s), 0 left on base; Walla Walla 0 - Hammond 0
BOTTOM OF THE 1ST
Hammond Herons batting - Pitching for Walla Walla Walleye : LHP Reid Garrett
Pitching: LHP Reid Garrett
Batting: RHB Pancho Núñez 0-0: Ball
1-0: Ball
2-0: Ball
3-0: Called Strike
3-1: Base on Balls
Batting: RHB José Trombelli 0-0: Ball
1-0: Ball
2-0: Ground out 5-3 (Groundball, 5S)
Pancho Núñez to second
Batting: RHB António Guzmán 0-0: Ball
1-0: Swinging Strike
1-1: Ball
2-1: Foul Ball, location: 2F
2-2: Ground out 1-3 (Groundball, 15S)
Batting: RHB Alfonso Pérez 0-0: Ball
1-0: Foul Ball, location: 2F
1-1: Foul Ball, location: 2F
1-2: Ball
2-2: Strikes out looking
Bottom of the 1st over - 0 run(s), 0 hit(s), 0 error(s), 1 left on base; Walla Walla 0 - Hammond 0
TOP OF THE 2ND
Walla Walla Walleye batting - Pitching for Hammond Herons : RHP David Gómez
Batting: RHB Ieyoshi Yamamoto 0-0: Ball
1-0: Ball
2-0: Swinging Strike
2-1: Ball
3-1: Foul Ball, location: 2F
3-2: Base on Balls
Batting: RHB Maik Palen 0-0: Ball
1-0: Ball
2-0: Ball
3-0: Called Strike
3-1: Grounds into double play, 6-4-3 (Groundball, 6)
Batting: SHB David Martínez 0-0: Called Strike
0-1: Ball
1-1: Ball
2-1: Called Strike
2-2: Ball
3-2: SINGLE (Line Drive, 4D)
Batting: LHB Alfredo Arévalo 0-0: Ball
1-0: Swinging Strike
1-1: Ball
2-1: Foul Ball, location: 2F
2-2: Ball
3-2: Strikes out swinging
Top of the 2nd over - 0 run(s), 1 hit(s), 0 error(s), 1 left on base; Walla Walla 0 - Hammond 0
BOTTOM OF THE 2ND
Hammond Herons batting - Pitching for Walla Walla Walleye : LHP Reid Garrett
Batting: LHB Ferris Minor 0-0: Called Strike
0-1: Ball
1-1: Ball
2-1: Fly out, F6 (Popup, 6D)
Batting: RHB Joel Galindo 0-0: Ball
1-0: Ground out U3 (Groundball, 3S)
Batting: LHB Koen van den Bogaert 0-0: Called Strike
0-1: Ball
1-1: Called Strike
1-2: Ball
2-2: Ground out 4-3 (Groundball, 34)
Bottom of the 2nd over - 0 run(s), 0 hit(s), 0 error(s), 0 left on base; Walla Walla 0 - Hammond 0
TOP OF THE 3RD
Walla Walla Walleye batting - Pitching for Hammond Herons : RHP David Gómez
Batting: RHB Tony Aguilar 0-0: Ball
1-0: Ball
2-0: Ball
3-0: Base on Balls
Batting: RHB Jim Brooks 0-0: Swinging Strike
0-1: SINGLE (Groundball, 6)
Tony Aguilar to second
Batting: RHB Joe Dundee 0-0: Ball
1-0: Ball
2-0: Called Strike
2-1: Foul Ball, location: 2F
2-2: Strikes out looking
Batting: RHB Alex Rucker 0-0: Ball
1-0: Foul Ball, location: 2F
1-1: Foul Ball, location: 2F
1-2: Ball
2-2: Grounds into double play, 6-4-3 (Groundball, 6)
Top of the 3rd over - 0 run(s), 1 hit(s), 0 error(s), 1 left on base; Walla Walla 0 - Hammond 0
BOTTOM OF THE 3RD
Hammond Herons batting - Pitching for Walla Walla Walleye : LHP Reid Garrett
Batting: SHB Will Boyle 0-0: Called Strike
0-1: Ball
1-1: Ball
2-1: Swinging Strike
2-2: Ball
3-2: Base on Balls
Batting: RHB Sergio Pérez 0-0: Foul Ball, location: 2F
0-1: Ball
Will Boyle steals 2nd base
1-1: Foul Ball, location: 2F
1-2: Ball
2-2: Foul Ball, location: 2F
2-2: Ball
3-2: Foul Ball, location: 2F
3-2: Foul Ball, location: 2F
3-2: Fly out, F7 (Line Drive, 7M)
Batting: RHB Pancho Núñez 0-0: Ball
1-0: Ground out 6-3 (Groundball, 6M)
Will Boyle to third
Batting: RHB José Trombelli 0-0: Called Strike
0-1: Ball
1-1: Reached on error, E6 (Groundball, 6)
Will Boyle scores
Batting: RHB António Guzmán 0-0: Ball
1-0: Foul Ball, location: 2F
1-1: Swinging Strike
1-2: Fly out, F7 (Flyball, 78M)
Bottom of the 3rd over - 1 run(s), 0 hit(s), 1 error(s), 1 left on base; Walla Walla 0 - Hammond 1
TOP OF THE 4TH
Walla Walla Walleye batting - Pitching for Hammond Herons : RHP David Gómez
Batting: LHB José Pacheco 0-0: Ball
1-0: Called Strike
1-1: Ball
2-1: Foul Ball, location: 2F
2-2: Strikes out swinging
Batting: RHB Ieyoshi Yamamoto 0-0: Called Strike
0-1: Ball
1-1: Called Strike
1-2: SINGLE (Groundball, 6MD)
Batting: RHB Maik Palen 0-0: Ball
1-0: Called Strike
1-1: Ground out 2-3 (Groundball, 23)
Ieyoshi Yamamoto to second
Batting: SHB David Martínez 0-0: TRIPLE (Line Drive, 9LM)
Ieyoshi Yamamoto scores
Batting: LHB Alfredo Arévalo 0-0: Called Strike
0-1: Swinging Strike
0-2: Strikes out looking
Top of the 4th over - 1 run(s), 2 hit(s), 0 error(s), 1 left on base; Walla Walla 1 - Hammond 1
BOTTOM OF THE 4TH
Hammond Herons batting - Pitching for Walla Walla Walleye : LHP Reid Garrett
Batting: RHB Alfonso Pérez 0-0: Ball
1-0: Ball
2-0: Called Strike
2-1: Foul Ball, location: 2F
2-2: Ball
3-2: Base on Balls
Batting: LHB Ferris Minor 0-0: Ball
1-0: Ball
2-0: Called Strike
2-1: Foul Ball, location: 2F
2-2: Foul Ball, location: 2F
2-2: Fly out, F1 (Line Drive, 15)
2-2: Lined into DP, 1-3 (Line Drive, 15)
Batting: RHB Joel Galindo 0-0: Ball
1-0: Swinging Strike
1-1: Foul Ball, location: 2F
1-2: Fly out, F9 (Flyball, 9S)
Bottom of the 4th over - 0 run(s), 0 hit(s), 0 error(s), 0 left on base; Walla Walla 1 - Hammond 1
TOP OF THE 5TH
Walla Walla Walleye batting - Pitching for Hammond Herons : RHP David Gómez
Batting: RHB Tony Aguilar 0-0: Fly out, F9 (Flyball, 89M)
Batting: RHB Jim Brooks 0-0: Ball
1-0: Fly out, F7 (Line Drive, 78S)
Batting: RHB Joe Dundee 0-0: Ball
1-0: Ground out 6-3 (Groundball, 6)
Top of the 5th over - 0 run(s), 0 hit(s), 0 error(s), 0 left on base; Walla Walla 1 - Hammond 1
BOTTOM OF THE 5TH
Hammond Herons batting - Pitching for Walla Walla Walleye : LHP Reid Garrett
Batting: LHB Koen van den Bogaert 0-0: Foul Ball, location: 2F
0-1: Ball
1-1: SINGLE (Line Drive, 6M)
Batting: SHB Will Boyle 0-0: Bunt - Flyout! F1
Batting: RHB Sergio Pérez 0-0: Called Strike
0-1: Swinging Strike
0-2: Strikes out swinging
Koen van den Bogaert is caught stealing 2nd base
Batter strikes out.
Bottom of the 5th over - 0 run(s), 1 hit(s), 0 error(s), 0 left on base; Walla Walla 1 - Hammond 1
TOP OF THE 6TH
Walla Walla Walleye batting - Pitching for Hammond Herons : RHP David Gómez
Batting: RHB Alex Rucker 0-0: Called Strike
0-1: Ball
1-1: Bunted foul
1-2: Ground out 6-3 (Groundball, 56)
Batting: LHB José Pacheco 0-0: Called Strike
0-1: Fly out, F9 (Flyball, 9S)
Batting: RHB Ieyoshi Yamamoto 0-0: Called Strike
0-1: Ball
1-1: Called Strike
1-2: Foul Ball, location: 2F
1-2: Strikes out swinging
Top of the 6th over - 0 run(s), 0 hit(s), 0 error(s), 0 left on base; Walla Walla 1 - Hammond 1
BOTTOM OF THE 6TH
Hammond Herons batting - Pitching for Walla Walla Walleye : LHP Reid Garrett
Batting: RHB Pancho Núñez 0-0: Foul Ball, location: 2F
0-1: Ball
1-1: Ball
2-1: Ball
3-1: Base on Balls
Batting: RHB José Trombelli 0-0: Ball
1-0: Called Strike
1-1: Ball
2-1: Bunted foul
2-2: Grounds into double play, 4-6-3 (Groundball, 4)
Batting: RHB António Guzmán 0-0: Called Strike
0-1: Ball
1-1: Foul Ball, location: 2F
1-2: Ground out 4-3 (Groundball, 4MD)
Bottom of the 6th over - 0 run(s), 0 hit(s), 0 error(s), 0 left on base; Walla Walla 1 - Hammond 1
TOP OF THE 7TH
Walla Walla Walleye batting - Pitching for Hammond Herons : RHP David Gómez
Batting: RHB Maik Palen 0-0: Ball
1-0: Ball
2-0: Swinging Strike
2-1: Swinging Strike
2-2: Foul Ball, location: 2F
2-2: Strikes out swinging
Pinch Hitting: LHB Ángel López 0-0: Foul Ball, location: 2F
0-1: SOLO HOME RUN (Flyball, 9D), Distance : 337 ft
Batting: LHB Alfredo Arévalo 0-0: Called Strike
0-1: Foul Ball, location: 2F
0-2: Strikes out looking
Batting: RHB Tony Aguilar 0-0: Swinging Strike
0-1: Foul Ball, location: 2F
0-2: Ball
1-2: Ball
2-2: Foul Ball, location: 2F
2-2: Strikes out looking
Top of the 7th over - 1 run(s), 1 hit(s), 0 error(s), 0 left on base; Walla Walla 2 - Hammond 1
BOTTOM OF THE 7TH
Hammond Herons batting - Pitching for Walla Walla Walleye : LHP Reid Garrett
Now at 3B: D.C. Aiken
Batting: RHB Alfonso Pérez 0-0: Ball
1-0: Foul Ball, location: 2F
1-1: Ball
2-1: Foul Ball, location: 2F
2-2: SOLO HOME RUN (Line Drive, 7D), Distance : 369 ft
Batting: LHB Ferris Minor 0-0: SOLO HOME RUN (Flyball, 9LD), Distance : 317 ft
Batting: RHB Joel Galindo 0-0: Called Strike
0-1: Ball
1-1: Foul Ball, location: 2F
1-2: Ground out 5-3 (Groundball, 5S)
Pitching: RHP Jim Unknown
Batting: LHB Koen van den Bogaert 0-0: Ball
1-0: Ball
2-0: Called Strike
2-1: Swinging Strike
2-2: Reached on Error, E8 (Flyball, 8LM)
Pinch Hitting: RHB Miguel Rodríguez 0-0: Ball
1-0: SINGLE (Flyball, 8LS)
Koen van den Bogaert to second
Pinch Hitting: RHB Brian Soto 0-0: Fly out, F7 (Line Drive, 78M)
Pinch Hitting: SHB Vincente Ramos 0-0: Ball
1-0: SINGLE (Groundball, 4MD)
Koen van den Bogaert to third
Miguel Rodríguez to second
Runner from 3rd tries for Home, SAFE, no throw or cutoff
Batting: RHB José Trombelli 0-0: Swinging Strike
0-1: Ball
1-1: Foul Ball, location: 2F
1-2: Ball
2-2: Strikes out swinging
Bottom of the 7th over - 3 run(s), 4 hit(s), 1 error(s), 2 left on base; Walla Walla 2 - Hammond 4
TOP OF THE 8TH
Walla Walla Walleye batting - Pitching for Hammond Herons : RHP David Gómez
Now at 2B: Miguel Rodríguez
Now in LF: Vincente Ramos
Now in CF: Brian Soto
Batting: RHB Jim Brooks 0-0: Called Strike
0-1: Ball
1-1: Ball
2-1: Foul Ball, location: 2F
2-2: Fly out, F9 (Flyball, 89M)
Batting: RHB Joe Dundee 0-0: Ball
1-0: Ground out 6-3 (Groundball, 6)
Batting: RHB Alex Rucker 0-0: Called Strike
0-1: Foul Ball, location: 2F
0-2: Strikes out swinging
Top of the 8th over - 0 run(s), 0 hit(s), 0 error(s), 0 left on base; Walla Walla 2 - Hammond 4
BOTTOM OF THE 8TH
Hammond Herons batting - Pitching for Walla Walla Walleye : RHP Jim Unknown
Batting: RHB António Guzmán 0-0: Ball
1-0: Called Strike
1-1: Called Strike
1-2: Strikes out swinging
Batting: RHB Alfonso Pérez 0-0: Ball
1-0: Foul Ball, location: 2F
1-1: Swinging Strike
1-2: Foul Ball, location: 2F
1-2: Ball
2-2: Strikes out swinging
Batting: LHB Ferris Minor 0-0: Ball
1-0: Ball
2-0: Foul Ball, location: 2F
2-1: Ball
3-1: Base on Balls
Batting: RHB Joel Galindo 0-0: SINGLE (Groundball, 5D)
Ferris Minor to second
Batting: LHB Koen van den Bogaert 0-0: Ball
1-0: Foul Ball, location: 2F
1-1: Called Strike
1-2: Ball
2-2: SINGLE (Line Drive, 6MD)
Ferris Minor to third
Joel Galindo to second
Batting: RHB Miguel Rodríguez 0-0: Fly out, F7 (Flyball, 7M)
Bottom of the 8th over - 0 run(s), 2 hit(s), 0 error(s), 3 left on base; Walla Walla 2 - Hammond 4
TOP OF THE 9TH
Walla Walla Walleye batting - Pitching for Hammond Herons : RHP David Gómez
Pitching: RHP Jorge Vázquez
Batting: LHB José Pacheco 0-0: Called Strike
0-1: Swinging Strike
0-2: Ball
1-2: Ball
2-2: Ground out U3 (Groundball, 3S)
Batting: RHB Ieyoshi Yamamoto 0-0: Called Strike
0-1: Foul Ball, location: 2F
0-2: Ball
1-2: Foul Ball, location: 2F
1-2: Foul Ball, location: 2F
1-2: Fly out, F9 (Flyball, 9S)
Batting: RHB Maik Palen 0-0: Ball
1-0: Called Strike
1-1: Foul Ball, location: 2F
1-2: Ball
2-2: Ball
3-2: Ground out 6-3 (Groundball, 6)
Top of the 9th over - 0 run(s), 0 hit(s), 0 error(s), 0 left on base; Walla Walla 2 - Hammond 4
This league is powered by Out of the Park Baseball, the baseball management simulation game for PC, Mac and Linux
Friday, July 8th, 2016 - OOTP Baseball 16.9 Build 39